 Dungeon Crawl Stone Soup version 0.20-a0-656-g9b0dcd9 (webtiles) character file.

4023 Laphicet the Chucker (level 10, -6/98 HPs)
             Began as a Troll Hunter on Feb 16, 2017.
             Mangled by an orc warrior
             ... wielding a +0 long sword
              (17 damage)
             ... on level 8 of the Dungeon.
             The game lasted 00:11:48 (5918 turns).

Laphicet the Chucker (Troll Hunter)                 Turns: 5918, Time: 00:11:49

Health: -6/98      AC: 13    Str: 24    XL:     10   Next: 4%
Magic:  9/9        EV: 11    Int: 10    God:
Gold:   234        SH:  0    Dex: 10    Spells: 9/9 levels left

rFire    . . .     SeeInvis .   p - +0 flail (protect)
rCold    . . .     Gourm    +   b - +1 robe
rNeg     . . .     Faith    .   (no shield)
rPois    .         Spirit   .   (helmet restricted)
rElec    .         Reflect  .   (no cloak)
rCorr    .         Harm     .   (gloves unavailable)
MR       .....                  (boots unavailable)
Stlth    +.........             (no amulet)
Regen    0.7/turn               (no ring)
MPRegen  0.2/turn               (no ring)

@: protection aura
A: unfitting armour, claws 3, fast metabolism 3, gourmand, regeneration 1,
shaggy fur 1, strong 1, tough skin 2, wild magic 1
a: no special abilities


You were on level 8 of the Dungeon.
You were full.

You visited 1 branch of the dungeon, and saw 8 of its levels.

You collected 429 gold pieces.
You spent 195 gold pieces at shops.

Inventory:

Hand Weapons
 a - a +1 whip of flaming
 k - a +1 club
 p - a +0 flail of protection (weapon)
Missiles
 c - 5 large rocks (quivered)
 d - 3 throwing nets
Armour
 b - a +1 robe (worn)
Jewellery
 o - an uncursed amulet of faith
 u - a +1 ring of protection
Wands
 y - a wand of iceblast (3/15)
 z - a wand of random effects (27/48)
Scrolls
 e - 2 scrolls of fog
 h - a scroll of blinking
 i - 2 scrolls of magic mapping
 j - a scroll of remove curse
 m - a scroll of recharging
 n - a scroll of enchant armour
 t - a scroll of fear
Potions
 l - a potion of heal wounds
 s - 2 potions of flight
 w - a potion of resistance {unknown}
 x - 3 potions of curing
 A - a potion of berserk rage {unknown}
 B - 2 potions of lignification
 C - a potion of might
Books
 v - a book of Changes

   Spells                             Type                      Level
   a - Beastly Appendage              Transmutation                1
   b - Sticks to Snakes               Transmutation                2
   c - Spider Form                    Transmutation/Poison         3
   d - Ice Form                       Ice/Transmutation            4
   e - Blade Hands                    Transmutation                5
Comestibles
 f - 12 bread rations
 g - 9 meat rations
 q - a fruit
 r - a royal jelly


   Skills:
 + Level 5.7 Fighting
 * Level 7.0 Maces & Flails
 + Level 7.1 Throwing
 + Level 5.3 Dodging
 - Level 0.3 Stealth
 - Level 4.7 Unarmed Combat


You had 9 spell levels left.
You didn't know any spells.

Dungeon Overview and Level Annotations

Branches:
Dungeon (8/15)             Temple (0/1) D:7
   Lair: D:8-11

Altars:
Gozag
Hepliaklqana
Trog
Uskayaw
Xom
Zin

Shops:
D:6 [   D:8 !


Innate Abilities, Weirdness & Mutations

You are too large for most types of armour.
You have claws for hands.
Your metabolism is lightning-fast.
You like to eat raw meat.
Your natural rate of healing is unusually fast.
You are covered in fur. (AC +1)
You have very tough skin. (AC +2)
Your muscles are strong. (Str +2)
Your spells are a little harder to cast, but a little more powerful.


Message History

You are too injured to fight recklessly!
You are too injured to fight recklessly!
You are too injured to fight recklessly!
You are too injured to fight recklessly!
You are too injured to fight recklessly!
You are too injured to fight recklessly!
Unknown command.
You hit the orc warrior.
The orc warrior is severely wounded.
You barely miss the orc warrior.
The orc warrior is severely wounded.
The orc warrior hits you with a long sword!
You hit the orc warrior.
The orc warrior is almost dead.
The orc warrior hits you with a long sword!!
* * * LOW HITPOINT WARNING * * *
You completely miss the orc warrior.
The orc warrior is almost dead.
The orc warrior hits you with a long sword!
You die...

##...... #.###
###.#.# #...# ....
###.# ######.##
.........#
#.############..# .
.............#..#
...o#####..###.#..#
...oo{o@...# #.#..#
#..######.####.#..###
#...........#
#############


You could see an orc warrior and 3 orcs.

Vanquished Creatures
  A two-headed ogre (D:6)
  Pikel (D:6)
  A deep elf mage (D:7)
  The ghost of Nico3ck the Chopper, a novice KoBe of Trog (D:5)
  A hippogriff (D:7)
  A spriggan (D:7)
  A slave (D:6)
  3 centaurs
  A necrophage (D:7)
  5 ogres
  A bullfrog (D:6)
  A wyvern zombie (D:7)
  A scorpion (D:4)
  A howler monkey (D:7)
  3 crimson imps
  A bullfrog zombie (D:7)
  3 hounds
  2 centaur skeletons
  4 orc priests
  A jelly (D:7)
  2 orc wizards
  2 iguanas
  3 worker ants
  A hound skeleton (D:6)
  Robin (D:3)
  6 gnolls
  A howler monkey skeleton (D:6)
  16 adders
  A worm (D:3)
  2 dart slugs (D:2)
  6 leopard geckos
  17 orcs
  4 bats
  3 giant cockroaches
  16 goblins
  12 hobgoblins
  2 jackals (D:1)
  4 kobolds
  2 quokkas
  3 frilled lizards
  A giant cockroach zombie (D:5)
  A leopard gecko zombie (D:5)
  4 rats
144 creatures vanquished.

Vanquished Creatures (others)
  A slave (D:6)
1 creature vanquished.

Grand Total: 145 creatures vanquished

Notes
Turn   | Place    | Note
-------+----------+-------------------------------------------
     0 | D:1      | Laphicet the Troll Hunter began the quest for the Orb.
     0 | D:1      | Reached XP level 1. HP: 19/19 MP: 0/0
    91 | D:1      | Reached skill level 1 in Unarmed Combat
    92 | D:1      | Reached XP level 2. HP: 23/28 MP: 1/1
   691 | D:2      | Found a bloodstained altar of Trog.
   691 | D:2      | Found a shimmering altar of Xom.
   856 | D:2      | Reached XP level 3. HP: 35/35 MP: 2/2
  1321 | D:3      | Reached XP level 4. HP: 37/42 MP: 3/3
  1468 | D:3      | Noticed Robin
  1501 | D:3      | Reached skill level 1 in Maces & Flails
  1523 | D:3      | Killed Robin
  1685 | D:3      | Reached XP level 5. HP: 50/50 MP: 4/4
  2121 | D:4      | Found a hazy altar of Hepliaklqana.
  2306 | D:4      | Reached XP level 6. HP: 27/59 MP: 5/5
  2913 | D:5      | Entered Level 5 of the Dungeon
  2973 | D:5      | Reached XP level 7. HP: 67/67 MP: 6/6
  3082 | D:5      | Found a glowing silver altar of Zin.
  3082 | D:5      | Found an opulent altar of Gozag.
  3121 | D:5      | Reached skill level 5 in Throwing
  3282 | D:5      | Noticed Nico3ck's ghost (novice KoBe)
  3290 | D:5      | Gained mutation: Your spells are a little harder to cast, but a little more powerful. [potion of mutation]
  3290 | D:5      | Gained mutation: Your muscles are strong. (Str +2) [potion of mutation]
  3313 | D:5      | Killed Nico3ck's ghost
  3313 | D:5      | Reached XP level 8. HP: 19/78 MP: 7/7
  3770 | D:6      | Noticed a dagger
  3770 | D:6      | Noticed an enchanted hand axe
  3771 | D:6      | Found a hide-covered altar of Uskayaw.
  3989 | D:6      | Noticed Pikel
  4004 | D:6      | Killed Pikel
  4392 | D:6      | Noticed a green ugly thing
  4399 | D:6      | Noticed a two-headed ogre
  4408 | D:6      | Killed a two-headed ogre
  4408 | D:6      | Reached skill level 5 in Fighting
  4408 | D:6      | Reached skill level 5 in Maces & Flails
  4408 | D:6      | Reached XP level 9. HP: 59/88 MP: 8/8
  4467 | D:6      | Found Nuahe's Antique Armour Boutique.
  4814 | D:7      | Noticed a deep elf mage
  4825 | D:7      | Killed a deep elf mage
  4825 | D:7      | Reached skill level 5 in Dodging
  5356 | D:7      | Found an opulent altar of Gozag.
  5368 | D:7      | Found a staircase to the Ecumenical Temple.
  5758 | D:7      | Reached XP level 10. HP: 70/98 MP: 9/9
  5846 | D:8      | Found Meamowia's Distillery.
  5858 | D:8      | Bought a potion of flight for 45 gold pieces
  5858 | D:8      | Bought a potion of lignification for 45 gold pieces
  5858 | D:8      | Bought a potion of lignification for 45 gold pieces
  5858 | D:8      | Bought a potion of might for 60 gold pieces
  5918 | D:8      | Mangled by an orc warrior

Vault maps used:
D:1:      eino_arrival_druids_welcome
D:2:      gammafunk_temple_overflow_statue, first_bread
D:3:      uniq_robin
D:4:      marbit_many_paths
D:5:      grunt_temple_overflow_gold_and_silver
D:6:      dancing_weapons_uskayaw, serial_shops, shop, lightli_corner_chamber,
          uniq_pikel
D:7:      minmay_temple_entry_from_below_b, basic_altar, the_bakery
D:8:      overflow_temple_1_default, serial_shops, shop

Skill      XL: |  1  2  3  4  5  6  7  8  9 |
---------------+----------------------------+-----
Unarmed Combat | 1 2 3 4 |  4.7
Fighting       | 2 3 5 |  5.7
Throwing       | 4 5 6 7 |  7.1
Maces & Flails | 1 2 3 5 7 |  7.0
Dodging        | 2 3 4 5 |  5.3
Stealth        | |  0.3

Action                   |  1- 3 |  4- 6 |  7- 9 | 10-12 || total
-------------------------+-------+-------+-------+-------++-------
Melee: Unarmed           |    96 |   199 |   115 |       ||   410
       Punch             |       |     2 |     8 |       ||    10
       Whip              |       |       |    48 |       ||    48
       Flail             |       |       |   205 |    20 ||   225
Evoke: Wand              |       |     1 |     3 |       ||     4
  Use: Potion            |       |     3 |     4 |       ||     7
       Scroll            |       |    13 |     5 |       ||    18
  Eat: Chunk             |    18 |    15 |    25 |       ||    58
Armor: Robe              |    32 |    79 |   111 |     3 ||   225
Dodge: Dodged            |    42 |   108 |   212 |     9 ||   371
